3A
KENNESAW JETS @ WALLA WALLA WALLEYE
07/04/2041
 
TOP OF THE 1ST
Kennesaw Jets batting - Pitching for Walla Walla Walleye : RHP Asher Mouland
Pitching: RHP Asher Mouland
Batting: LHB Gwang-soo Deungjeong 0-0: Called Strike
0-1: Foul Ball, location: 2F
0-2: Fly out, F9 (Flyball, 9, EV 73.8 MPH)
Batting: LHB Manny Medina 0-0: Ground out 4-3 (Groundball, 4, EV 100.0 MPH)
Batting: LHB Vicente Torres 0-0: Ball
1-0: Foul Ball, location: 2F
1-1: TRIPLE (Flyball, 9D, EV 93.8 MPH)
Batting: LHB Ethan Duffy 0-0: Called Strike
0-1: Fly out, F8 (Flyball, 8LD, EV 96.2 MPH)
Top of the 1st over - 0 runs, 1 hit, 0 errors, 1 left on base; Kennesaw 0 - Walla Walla 0
BOTTOM OF THE 1ST
Walla Walla Walleye batting - Pitching for Kennesaw Jets : RHP Ross Vinyard
Pitching: RHP Ross Vinyard
Batting: RHB Effie Atsaves 0-0: Ball
1-0: Ball
2-0: Ball
3-0: Called Strike
3-1: Base on Balls
Batting: RHB Eloi Hanai 0-0: Swinging Strike
0-1: Foul Ball, location: 2F
0-2: Ball
1-2: Strikes out swinging
Batting: RHB Bernard Dowiyogo 0-0: Ball
1-0: Called Strike
1-1: Foul Ball, location: 2F
1-2: Ball
2-2: Foul Ball, location: 2F
2-2: Foul Ball, location: 2F
2-2: Grounds into double play, 5-4-3 (Groundball, 56, EV 106.2 MPH)
Bottom of the 1st over - 0 runs, 0 hits, 0 errors, 0 left on base; Kennesaw 0 - Walla Walla 0
TOP OF THE 2ND
Kennesaw Jets batting - Pitching for Walla Walla Walleye : RHP Asher Mouland
Batting: RHB Pancho Hernández 0-0: Called Strike
0-1: Ball
1-1: Foul Ball, location: 2F
1-2: Foul Ball, location: 2F
1-2: Foul Ball, location: 2F
1-2: Strikes out swinging
Batting: LHB Xiao-gang Qing 0-0: Called Strike
0-1: Ball
1-1: Called Strike
1-2: Foul Ball, location: 2F
1-2: Foul Ball, location: 2F
1-2: Strikes out swinging
Batting: LHB Steve Hodge 0-0: SINGLE (Line Drive, 9S, EV 107.5 MPH)
Batting: RHB Pepe Rodríguez 0-0: Called Strike
0-1: Called Strike
0-2: Ball
1-2: Ball
2-2: Strikes out looking
Top of the 2nd over - 0 runs, 1 hit, 0 errors, 1 left on base; Kennesaw 0 - Walla Walla 0
BOTTOM OF THE 2ND
Walla Walla Walleye batting - Pitching for Kennesaw Jets : RHP Ross Vinyard
Batting: RHB Dan Barnes 0-0: Called Strike
0-1: Ball
1-1: DOUBLE (Groundball, 5L, EV 109.4 MPH)
Batting: RHB John Paul 0-0: Called Strike
0-1: Foul Ball, location: 2F
0-2: Strikes out swinging
Batting: LHB Van Durr 0-0: Ball
1-0: Foul Ball, location: 2F
1-1: Ground out 6-3 (Groundball, 6, EV 86.9 MPH)
Batting: RHB Jorge Pedroso 0-0: Fly out, F7 (Line Drive, 7, EV 87.5 MPH)
Bottom of the 2nd over - 0 runs, 1 hit, 0 errors, 1 left on base; Kennesaw 0 - Walla Walla 0
TOP OF THE 3RD
Kennesaw Jets batting - Pitching for Walla Walla Walleye : RHP Asher Mouland
Batting: RHB Wally Harrison 0-0: Reached on error, E7 (Flyball, 7D, EV 87.5 MPH)
Batting: LHB Gwang-soo Deungjeong 0-0: Foul Ball, location: 2F
0-1: Ball
1-1: Foul Ball, location: 2F
1-2: Foul Ball, location: 2F
1-2: Foul Ball, location: 2F
1-2: Ball
2-2: Fly out, F7 (Flyball, 7S, EV 85.0 MPH)
Batting: LHB Manny Medina 0-0: SINGLE (Groundball, 4, EV 100.6 MPH) (infield hit)
Wally Harrison to second
Batting: LHB Vicente Torres 0-0: Ball
1-0: Foul Ball, location: 2F
1-1: Fly out, F7 (Flyball, 7D, EV 89.4 MPH)
Batting: LHB Ethan Duffy 0-0: Ball
1-0: Swinging Strike
1-1: Swinging Strike
1-2: Ball
2-2: Foul Ball, location: 2F
2-2: Fly out, F7 (Flyball, 78M, EV 93.8 MPH)
Top of the 3rd over - 0 runs, 1 hit, 1 error, 2 left on base; Kennesaw 0 - Walla Walla 0
BOTTOM OF THE 3RD
Walla Walla Walleye batting - Pitching for Kennesaw Jets : RHP Ross Vinyard
Batting: RHB Gil Offredi 0-0: Called Strike
0-1: Called Strike
0-2: Ball
1-2: Strikes out swinging
Batting: LHB Cedomil Karadzic 0-0: Called Strike
0-1: Ball
1-1: Fly out, F9 (Flyball, 9, EV 85.6 MPH)
Batting: RHB Effie Atsaves 0-0: Ball
1-0: Ball
2-0: Ball
3-0: Called Strike
3-1: Fly out, F8 (Flyball, 8LM, EV 93.1 MPH)
Bottom of the 3rd over - 0 runs, 0 hits, 0 errors, 0 left on base; Kennesaw 0 - Walla Walla 0
TOP OF THE 4TH
Kennesaw Jets batting - Pitching for Walla Walla Walleye : RHP Asher Mouland
Batting: RHB Pancho Hernández 0-0: Ball
1-0: Called Strike
1-1: Foul Ball, location: 2F
1-2: Ball
2-2: Strikes out looking
Batting: LHB Xiao-gang Qing 0-0: Swinging Strike
0-1: Ball
1-1: Ball
2-1: DOUBLE (Flyball, 78D, EV 90.6 MPH)
Batting: LHB Steve Hodge 0-0: Called Strike
0-1: Ground out 4-3 (Groundball, 4M, EV 88.8 MPH)
Xiao-gang Qing to third
Batting: RHB Pepe Rodríguez 0-0: Ball
1-0: Foul Ball, location: 2F
1-1: Fly out, F8 (Flyball, 78D, EV 106.2 MPH)
Top of the 4th over - 0 runs, 1 hit, 0 errors, 1 left on base; Kennesaw 0 - Walla Walla 0
BOTTOM OF THE 4TH
Walla Walla Walleye batting - Pitching for Kennesaw Jets : RHP Ross Vinyard
Batting: RHB Eloi Hanai 0-0: Ball
1-0: Ground out 6-3 (Groundball, 6, EV 92.5 MPH)
Batting: RHB Bernard Dowiyogo 0-0: Called Strike
0-1: Ball
1-1: Ground out 1-3 (Groundball, P, EV 91.9 MPH)
Batting: RHB Dan Barnes 0-0: Called Strike
0-1: Swinging Strike
0-2: Fly out, F9 (Flyball, 9LS, EV 91.2 MPH)
Bottom of the 4th over - 0 runs, 0 hits, 0 errors, 0 left on base; Kennesaw 0 - Walla Walla 0
TOP OF THE 5TH
Kennesaw Jets batting - Pitching for Walla Walla Walleye : RHP Asher Mouland
Batting: RHB Wally Harrison 0-0: SINGLE (Groundball, 4MD, EV 95.0 MPH)
Batting: LHB Gwang-soo Deungjeong 0-0: Bunted foul
0-1: Bunted foul
0-2: Grounds into double play, 6-4-3 (Groundball, 6, EV 103.8 MPH)
Pitching: RHP Hyeong-ro Park
Batting: LHB Manny Medina 0-0: Ball
1-0: Ball
2-0: Called Strike
2-1: Ball
3-1: DOUBLE (Flyball, 89D, EV 99.4 MPH)
Batting: LHB Vicente Torres 0-0: Ball
1-0: Ball
2-0: Ball
3-0: Called Strike
3-1: Base on Balls
Batting: LHB Ethan Duffy 0-0: SINGLE (Flyball, 8LS, EV 93.8 MPH)
Manny Medina to third
Vicente Torres to second
Batting: RHB Pancho Hernández 0-0: Foul Ball, location: 2F
0-1: Ball
1-1: Foul Ball, location: 2F
1-2: Foul Ball, location: 2F
1-2: Strikes out looking
Top of the 5th over - 0 runs, 3 hits, 0 errors, 3 left on base; Kennesaw 0 - Walla Walla 0
BOTTOM OF THE 5TH
Walla Walla Walleye batting - Pitching for Kennesaw Jets : RHP Ross Vinyard
Batting: RHB John Paul 0-0: Ball
1-0: Swinging Strike
1-1: Ball
2-1: Foul Ball, location: 2F
2-2: Foul Ball, location: 2F
2-2: Strikes out swinging
Batting: LHB Van Durr 0-0: Called Strike
0-1: Ball
1-1: Ball
2-1: Ball
3-1: Called Strike
3-2: Base on Balls
Batting: RHB Jorge Pedroso 0-0: Ball
1-0: Swinging Strike
1-1: Ball
2-1: Ball
3-1: Called Strike
3-2: Strikes out swinging
Batting: RHB Gil Offredi 0-0: Fielders Choice at 2nd, 6-4 (Groundball, 56, EV 102.5 MPH)
Bottom of the 5th over - 0 runs, 0 hits, 0 errors, 1 left on base; Kennesaw 0 - Walla Walla 0
TOP OF THE 6TH
Kennesaw Jets batting - Pitching for Walla Walla Walleye : RHP Hyeong-ro Park
Batting: LHB Xiao-gang Qing 0-0: Swinging Strike
0-1: Ball
1-1: Ball
2-1: Foul Ball, location: 2F
2-2: Strikes out swinging
Batting: LHB Steve Hodge 0-0: Foul Ball, location: 2F
0-1: Ball
1-1: TRIPLE (Flyball, 89XD, EV 103.1 MPH)
Batting: RHB Pepe Rodríguez 0-0: Fly out, F9 (Flyball, 89XD, EV 95.0 MPH)
Runner from 3rd tags up, SCORES, no throw by RF
Batting: RHB Wally Harrison 0-0: Called Strike
0-1: Ball
1-1: Swinging Strike
1-2: Ball
2-2: Ball
3-2: Strikes out swinging
Top of the 6th over - 1 run, 1 hit, 0 errors, 0 left on base; Kennesaw 1 - Walla Walla 0
BOTTOM OF THE 6TH
Walla Walla Walleye batting - Pitching for Kennesaw Jets : RHP Ross Vinyard
Batting: LHB Cedomil Karadzic 0-0: Called Strike
0-1: Ball
1-1: Foul Ball, location: 2F
1-2: Strikes out swinging
Batting: RHB Effie Atsaves 0-0: Fly out, F8 (Flyball, 8RD, EV 88.1 MPH)
Batting: RHB Eloi Hanai 0-0: Called Strike
0-1: Foul Ball, location: 2F
0-2: Foul Ball, location: 2F
0-2: Ball
1-2: Foul Ball, location: 2F
1-2: Ground out 5-3 (Groundball, 56, EV 91.9 MPH)
Bottom of the 6th over - 0 runs, 0 hits, 0 errors, 0 left on base; Kennesaw 1 - Walla Walla 0
TOP OF THE 7TH
Kennesaw Jets batting - Pitching for Walla Walla Walleye : RHP Hyeong-ro Park
Batting: LHB Gwang-soo Deungjeong 0-0: Swinging Strike
0-1: Fly out, F7 (Line Drive, 7, EV 87.5 MPH)
Batting: LHB Manny Medina 0-0: TRIPLE (Line Drive, 78XD, EV 106.9 MPH)
Batting: LHB Vicente Torres 0-0: Foul Ball, location: 2F
0-1: Ball
1-1: Foul Ball, location: 2F
1-2: Foul Ball, location: 2F
1-2: Ball
2-2: Foul Ball, location: 2F
2-2: Strikes out looking
Batting: LHB Ethan Duffy 0-0: Foul Ball, location: 2F
0-1: Ball
1-1: Ball
2-1: Fly out, F9 (Flyball, 9S, EV 81.2 MPH)
Top of the 7th over - 0 runs, 1 hit, 0 errors, 1 left on base; Kennesaw 1 - Walla Walla 0
BOTTOM OF THE 7TH
Walla Walla Walleye batting - Pitching for Kennesaw Jets : RHP Ross Vinyard
Batting: RHB Bernard Dowiyogo 0-0: Called Strike
0-1: Foul Ball, location: 2F
0-2: Foul Ball, location: 2F
0-2: Foul Ball, location: 2F
0-2: Foul Ball, location: 2F
0-2: Strikes out swinging
Batting: RHB Dan Barnes 0-0: Ball
1-0: Ball
2-0: Swinging Strike
2-1: Called Strike
2-2: Strikes out swinging
Batting: RHB John Paul 0-0: Ball
1-0: SINGLE (Line Drive, 4D, EV 95.0 MPH)
Batting: LHB Van Durr 0-0: Fly out, F9 (Flyball, 9, EV 90.0 MPH)
Bottom of the 7th over - 0 runs, 1 hit, 0 errors, 1 left on base; Kennesaw 1 - Walla Walla 0
TOP OF THE 8TH
Kennesaw Jets batting - Pitching for Walla Walla Walleye : RHP Hyeong-ro Park
Batting: RHB Pancho Hernández 0-0: Ball
1-0: Ball
2-0: Swinging Strike
2-1: Foul Ball, location: 2F
2-2: Foul Ball, location: 2F
2-2: Foul Ball, location: 2F
2-2: Foul Ball, location: 2F
2-2: Ball
3-2: Base on Balls
Pitching: LHP Derrick Jones
Batting: LHB Xiao-gang Qing 0-0: Foul Ball, location: 2F
0-1: Foul Ball, location: 2F
0-2: Strikes out swinging
Batting: LHB Steve Hodge 0-0: Ball
1-0: Ball
2-0: Foul Ball, location: 2F
2-1: Ball
3-1: Called Strike
3-2: Fielders Choice at 2nd, 1-6 (Groundball, P, EV 90.6 MPH)
Batting: RHB Pepe Rodríguez 0-0: Called Strike
0-1: Ball
1-1: Foul Ball, location: 2F
1-2: Strikes out looking
Top of the 8th over - 0 runs, 0 hits, 0 errors, 1 left on base; Kennesaw 1 - Walla Walla 0
BOTTOM OF THE 8TH
Walla Walla Walleye batting - Pitching for Kennesaw Jets : RHP Ross Vinyard
Batting: RHB Jorge Pedroso 0-0: Ball
1-0: Fly out, F8 (Flyball, 89D, EV 93.1 MPH)
Batting: RHB Gil Offredi 0-0: Called Strike
0-1: Called Strike
0-2: Ball
1-2: Strikes out swinging, 2-3 out at first.
Batting: LHB Cedomil Karadzic 0-0: Ball
1-0: Called Strike
1-1: Ball
2-1: Ball
3-1: Foul Ball, location: 2F
3-2: Foul Ball, location: 2F
3-2: Foul Ball, location: 2F
3-2: Strikes out swinging
Bottom of the 8th over - 0 runs, 0 hits, 0 errors, 0 left on base; Kennesaw 1 - Walla Walla 0
TOP OF THE 9TH
Kennesaw Jets batting - Pitching for Walla Walla Walleye : LHP Derrick Jones
Batting: RHB Wally Harrison 0-0: Fly out, F8 (Line Drive, 8RM, EV 98.1 MPH)
Batting: LHB Gwang-soo Deungjeong 0-0: Called Strike
0-1: Ball
1-1: Ball
2-1: Foul Ball, location: 2F
2-2: Strikes out swinging
Batting: LHB Manny Medina 0-0: Called Strike
0-1: Called Strike
0-2: Ball
1-2: SINGLE (Groundball, 4MD, EV 98.1 MPH)
Batting: LHB Vicente Torres 0-0: Ball
1-0: Ball
2-0: Ground out 1-3 (Groundball, 13S, EV 74.4 MPH)
Top of the 9th over - 0 runs, 1 hit, 0 errors, 1 left on base; Kennesaw 1 - Walla Walla 0
BOTTOM OF THE 9TH
Walla Walla Walleye batting - Pitching for Kennesaw Jets : RHP Ross Vinyard
Pitching: RHP Myles Winters
Now in RF: Harold Keightley
Batting: RHB Effie Atsaves 0-0: Called Strike
0-1: Called Strike
0-2: Ball
1-2: Strikes out looking
Batting: RHB Eloi Hanai 0-0: Called Strike
0-1: Ball
1-1: Ball
2-1: Foul Ball, location: 2F
2-2: Ball
3-2: Foul Ball, location: 2F
3-2: Strikes out looking
Batting: RHB Bernard Dowiyogo 0-0: Ball
1-0: Foul Ball, location: 2F
1-1: Ball
2-1: Swinging Strike
2-2: Ball
3-2: Foul Ball, location: 2F
3-2: Base on Balls
Batting: RHB Dan Barnes 0-0: Ball
1-0: Called Strike
1-1: Ball
2-1: Called Strike
2-2: Ball
3-2: Foul Ball, location: 2F
3-2: Strikes out swinging
Bottom of the 9th over - 0 runs, 0 hits, 0 errors, 1 left on base; Kennesaw 1 - Walla Walla 0
Tuesday, January 5th, 2021 - OOTP Baseball 20.8 Build 74